Map: Odyssey LE

Players

Javierson - Winner!

  • Race: Terran Terran
  • League: Bronze
  • Spawn Location: 11:00

Whiskydog

  • Race: Terran Terran
  • League: Silver
  • Spawn Location: 5:00

VOD

Have the link to the VOD?

Description

Time

  • Played on: June 3, 2017, 10:26 p.m.
  • Length: 8:12
Show
View Real Time Build Order
Export as new Build Order

Javierson Terran - Winner!

Build Orders:  

Get SALT Encoding   

  12  0:02  SCV  
  13  0:14  SCV  
  14  0:26  SCV  
  15  0:34  Refinery  
  15  0:44  Supply Depot  
  15  1:05  SCV  
  16  1:11  Barracks  
  16  1:18  SCV  
  17  1:30  SCV  
  18  1:42  SCV  
  19  1:54  SCV  
  19  1:59  Marine  
  21  2:06  SCV  
  21  2:08  Command Center  
  22  2:16  Barracks  
  22  2:17  Marine  
  23  2:24  Bunker  
  23  2:28  Supply Depot  
  23  2:36  Orbital Command  
  23  2:49  Marine  
  24  2:57  Engineering Bay  
  24  3:04  Factory  
  24  3:06  Marine  
  24  3:07  Marine  
  26  3:16  Supply Depot  
  26  3:22  SCV  
  26  3:24  Marine  
  26  3:25  Marine  
  30  3:34  SCV  
  30  3:42  Marine  
  30  3:43  Marine  
  32  3:54  Command Center  
  32  3:55  Factory Tech Lab  
  32  4:01  Marine  
  33  4:07  Missile Turret  
  33  4:15  Planetary Fortress  
  27  4:34  Barracks Reactor  
  27  4:35  Marine  
  28  4:53  Refinery, Marine  
  28  4:56  Bunker  
  29  5:11  Marine  
  30  5:20  Missile Turret  
  30  5:29  Marine  
  30  5:34  Missile Turret, SCV  
  32  5:40  Planetary Fortress  
  32  5:46  Marine, SCV  
  34  5:58  SCV  
  34  6:00  Siege Tank  
  38  6:07  Missile Turret  
  38  6:10  SCV  
  39  6:22  SCV  
  40  6:32  Siege Tank  
  43  6:34  SCV x2  
  45  6:46  SCV x2  
  47  6:55  Bunker  
  47  7:03  Missile Turret  
  47  7:07  Missile Turret  
  47  7:18  Marine x3  
  50  7:32  Missile Turret  
  50  7:35  Marine  
  50  7:36  Marine x2  
  56  7:53  Marine x2  
  56  7:54  SCV  
  60  8:03  Missile Turret  
Show
View Real Time Build Order
Export as new Build Order

Whiskydog Terran 

Build Orders:  

Get SALT Encoding   

  12  0:01  SCV  
  13  0:15  Supply Depot  
  13  0:23  SCV  
  14  0:39  Barracks  
  14  0:41  SCV  
  15  0:53  SCV  
  16  1:03  Supply Depot  
  16  1:05  SCV  
  16  1:10  Barracks  
  17  1:18  SCV  
  18  1:26  Supply Depot  
  18  1:27  Marine  
  18  1:30  SCV  
  20  1:45  Marine  
  21  1:58  Command Center  
  22  2:11  Orbital Command  
  22  2:13  Marine x2  
  23  2:28  Barracks  
  23  2:31  Supply Depot  
  23  2:32  Marine  
  23  2:36  Marine  
  25  2:50  Marine  
  26  2:54  Marine  
  27  3:05  Supply Depot, Barracks, SCV  
  28  3:08  Marine  
  28  3:11  Marine  
  30  3:15  Marine  
  31  3:25  Marine  
  31  3:26  Orbital Command  
  32  3:29  SCV  
  32  3:31  Marine  
  34  3:47  Barracks  
  34  3:56  Barracks  
  34  4:05  Marine x3  
  35  4:23  Marine x3  
  30  4:41  Barracks, Marine x3  
  30  4:44  Marine x2  
  35  4:49  SCV  
  35  4:50  SCV  
  37  4:58  Marine x2  
  37  4:59  Marine  
  40  5:01  SCV  
  40  5:02  Marine x2, SCV  
  44  5:16  Command Center, Marine x3  
  44  5:20  Marine x2  
  49  5:25  SCV x2  
  51  5:31  Marine  
  51  5:34  Marine x2  
  54  5:37  SCV x2  
  54  5:42  Marine x2  
  57  5:43  Marine  
  57  5:49  Marine  
  60  5:50  Barracks  
  60  5:53  Barracks, Marine x2  
  62  6:00  Marine x2  
  62  6:01  Marine  
  65  6:06  Marine  
  66  6:11  Marine x2  
  66  6:18  Marine x3  
  68  6:23  SCV  
  68  6:24  SCV  
  66  6:25  Marine  
  66  6:29  Marine x2  
  69  6:36  Marine x3, SCV x2  
  69  6:37  Orbital Command  
  74  6:43  Marine x3  
  77  6:47  Marine x2  
  77  6:48  SCV x2  
  77  6:51  Supply Depot  
  77  6:53  Marine  
  77  6:54  Supply Depot, Marine x2  
  82  7:00  SCV  
  85  7:12  Marine x5, SCV x3  
  93  7:20  Supply Depot  
  93  7:21  Marine x3  
  93  7:22  Supply Depot  
  96  7:24  SCV  
  97  7:30  Marine x4  
  101  7:41  Marine x4  
  105  7:48  Marine x4  
  109  7:53  Supply Depot  
  109  7:54  Supply Depot x2  
Tags
 
Matchup
TvT
Race
Terran
Replay Pack
SIII
Spawn Locations
Cross Positions
Add a new tag
Caveats
  • Supply blocks, unpowered buildings, or Contaminate may cause inaccurate times.
  • Supply counts are checked every 10 seconds.